 Dungeon Crawl Stone Soup version 0.29.0-4-gdea44cf6ec (webtiles) character file.

Game seed: 6035374953319703384

52 qw the Chopper (level 3, -1/21 HPs)
             Began as a Tengu Warper on Aug 28, 2022.
             Slain by Grinder (7 damage)
             ... on level 3 of the Dungeon.
             The game lasted 00:00:11 (1861 turns).

qw the Chopper (Tengu Warper)                       Turns: 1861, Time: 00:00:11

Health: -1/21      AC:  8    Str: 13    XL:     3   Next: 85%
Magic:  7/7        EV:  6    Int: 13    God:
Gold:   102        SH:  0    Dex: 13    Spells: 6/6 levels left

rFire   . . .      SeeInvis .   Y - +0 hand axe
rCold   . . .      Faith    .   (no shield)
rNeg    . . .      Spirit   .   i - +0 chain mail
rPois   +          Reflect  .   (helmet restricted)
rElec   .          Harm     .   (no cloak)
rCorr   .          Rampage  .   (no gloves)
Will    .....                   (boots unavailable)
Stlth   ..........              (no amulet)
HPRegen 0.07/turn               a - ring of poison resistance
MPRegen 0.10/turn               (no ring)

@: no status effects
A: beak, talons 3
a: no special abilities


You were on level 3 of the Dungeon.
You visited 1 branch of the dungeon, and saw 3 of its levels.

You collected 102 gold pieces.


Innate Abilities, Weirdness & Mutations

You have a beak for a mouth.
You have claws for feet.


   Skills:
 - Level 2.0 Fighting
 + Level 4.4 Axes
 - Level 1.0 Throwing
 - Level 1.1 Armour
 - Level 2.1 Dodging
 - Level 2.0 Spellcasting
 - Level 2.4 Translocations


You had 6 spell levels left.
You didn't know any spells.
Your spell library contained the following spells:

 Spells                   Type           Power      Damage    Failure   Level
 Blink                    Tloc           14%        N/A       99%         2
 Gell's Gravitas          Tloc           7%         N/A       100%        3
 Lesser Beckoning         Tloc           7%         N/A       100%        3
 Teleport Other           Tloc           7%         N/A       100%        3
 Manifold Assault         Tloc           7%         N/A       100%        5

Inventory:

Hand Weapons
 d - a +0 club
 Y - a +0 hand axe (weapon)
Missiles
 n - 6 javelins (quivered)
Armour
 i - a +0 chain mail (worn)
Jewellery
 a - a ring of poison resistance (left hand)
 m - a ring of ice
Scrolls
 e - a scroll of identify
Potions
 c - a potion of heal wounds
 f - a potion of magic {unknown}
 g - a potion of curing {unknown}
 k - a potion of cancellation {unknown}

Dungeon Overview and Level Annotations

Branches:
Dungeon (3/15)

Altars:
Vehumet

Annotations:
D:3 Grinder


Message History

The orc shouts! x2; The orc priest shouts!
The orc wizard shouts!
Found a leather armour and a glowing brown potion.
There is a stone staircase leading up here.
There are monsters nearby!
Existing waypoints: (1) D:2 (2) D:1 Assign waypoint to what number? (0-9, D - delete waypoint) Waypoint 2 re-assigned from D:1 to D:3.
Enter note: Grinder comes into view.
Found a book of Debilitation.
Grinder shouts!
Grinder blinks!
Found a sharpened silver wand.
The orc hits you but does no damage.
You hit the orc. You claw the orc, but do no damage.
The orc is moderately wounded.
The orc barely misses you.
The orc wizard points at you and mumbles some strange words.
The puff of flame hits you.
You barely miss the orc. You claw the orc, but do no damage.
You peck the orc, but do no damage.
The orc is moderately wounded.
The orc hits you with a +0 whip.
An endoplasm comes into view.
You barely miss the orc.
The orc is moderately wounded.
You hit Grinder. Grinder hits you but does no damage.
The orc hits you with a +0 whip.
You hit the orc but do no damage. You claw the orc.
You kill the orc!
You barely miss Grinder. Grinder hits you.
You writhe in agony.
An orc comes into view. It is wielding a +0 hand axe.
The orc shouts!
You hit Grinder but do no damage. You claw Grinder.
Grinder is lightly wounded.
The orc wizard casts a spell at you. The magic dart hits you. Grinder hits you!
You die...

#...........##
.............#..
..........!....#.
.....[...........
.................
......o..........
.......o........#
..o....<.5....J..
......#.o@)..##
....# ###....#
... #........ .
.###...:. . .....
.. .... .. ../
... ...


You could see Grinder, an orc priest, an orc wizard, 2 orcs and an endoplasm.

Vanquished Creatures
  An adder (D:2)
  A worm (D:2)
  An orc (D:3)
  A ball python (D:1)
  4 endoplasms
  A giant cockroach (D:1)
  5 goblins
  3 hobgoblins (D:2)
  5 kobolds
  3 quokkas
  4 bats
  3 frilled lizards
  6 rats
38 creatures vanquished.

Notes
Turn   | Place    | Note
-------+----------+-------------------------------------------
     0 | D:1      | qw the Tengu Warper began the quest for the Orb.
     0 | D:1      | Reached XP level 1. HP: 12/12 MP: 4/4
     0 | D:1      | 0 ||| qw: Version: 0.1-a-89-g26bdef1
     0 | D:1      | 0 ||| qw: Game counter: 1380
     0 | D:1      | 0 ||| qw: Always use a shield: true
     0 | D:1      | 0 ||| qw: God list: Okawaru
     0 | D:1      | 0 ||| qw: Allow faded altars: false
     0 | D:1      | 0 ||| qw: Do Orc after D:15 true
     0 | D:1      | 0 ||| qw: Do second Lair branch before Depths: true
     0 | D:1      | 0 ||| qw: Lair rune preference: random
     0 | D:1      | 0 ||| qw: Plans: Normal
     0 | D:1      | 0 ||| PLANNING D:1-11
   248 | D:1      | Reached skill level 3 in Axes
   248 | D:1      | Reached XP level 2. HP: 17/17 MP: 6/6
   439 | D:1      | 439 ||| Stepping ~*~*~tactically~*~*~ (stealth).
   630 | D:1      | 630 ||| Stepping ~*~*~tactically~*~*~ (stealth).
  1054 | D:1      | 1054 ||| DROPPING ring of flight.
  1055 | D:1      | 1055 ||| READING scroll labelled UPPEUN NOGUDUI.
  1056 | D:1      | 1056 ||| READING scroll labelled CUORUF JIAPP.
  1060 | D:1      | 1060 ||| READING 2 scrolls labelled ANTISY CEVUA.
  1061 | D:1      | 1061 ||| READING scroll labelled YCVEPTARU.
  1062 | D:1      | 1062 ||| READING scroll labelled OBLAGU KADWYKA.
  1063 | D:1      | 1063 ||| DROPPING scroll of blinking.
  1064 | D:1      | 1064 ||| DROPPING scroll of butterflies.
  1096 | D:2      | Reached XP level 3. HP: 21/21 MP: 7/7
  1191 | D:2      | 1191 ||| Stepping ~*~*~tactically~*~*~ (stealth).
  1192 | D:2      | 1192 ||| Stepping ~*~*~tactically~*~*~ (stealth).
  1196 | D:2      | 1196 ||| Stepping ~*~*~tactically~*~*~ (stealth).
  1297 | D:2      | Reached skill level 4 in Axes
  1332 | D:2      | 1332 ||| Stepping ~*~*~tactically~*~*~ (stealth).
  1443 | D:2      | Found a radiant altar of Vehumet.
  1721 | D:2      | 1721 ||| UPGRADING to +0 chain mail.
  1731 | D:2      | 1731 ||| DROPPING +0 leather armour.
  1732 | D:2      | 1732 ||| UPGRADING to ring of poison resistance.
  1733 | D:2      | 1733 ||| READING 2 scrolls labelled CUEGOR FEITHRE.
  1734 | D:2      | 1734 ||| DRINKING 2 bubbling white potions.
  1839 | D:2      | 1839 ||| READING 2 scrolls of identify.
  1839 | D:2      | 1839 ||| IDENTIFYING viscous purple potion
  1840 | D:2      | 1840 ||| DROPPING potion of berserk rage.
  1841 | D:2      | 1841 ||| DROPPING scroll of vulnerability.
  1855 | D:3      | Noticed Grinder
  1861 | D:3      | Slain by Grinder

Levels and vault maps discovered:
D:1:      lightli_arrival_flooded_house, layout_loops_corners
D:2:      layout_loops_cross, basic_altar
D:3:      layout_rooms, nicolae_overflow_hidden_temple, st_stairs_2,
          saegor_snake_ambush, uniq_grinder

Skill      XL: |  1  2  3 |
---------------+----------+-----
Axes           | 3 4 |  4.4
Fighting       | |  2.0
Throwing       | |  1.0
Armour         | |  1.1
Dodging        | |  2.1
Spellcasting   | |  2.0
Translocations | |  2.4

Action                   || total
-------------------------++-------
Melee: Hand axe          ||    70
       Kick              ||    23
       Peck              ||     9
Throw: Boomerang         ||     7
       Javelin           ||    19
  Use: Scroll            ||     7
       Potion            ||     1
Armor: Leather armour    ||    18
       Chain mail        ||     2
Dodge: Dodged            ||    37

Table legend:
 A = Non-vault XP
 B = Vault XP
 C = Vault XP percentage of total XP
 D = Non-vault monster count
 E = Vault monster count
 F = Vault count percentage of total count
                 A         B        C        D         E       F
            +---------+---------+-------+---------+---------+-------
      Total |      75 |       0 |   0.0 |      38 |       0 |   0.0
            +---------+---------+-------+---------+---------+-------
        D:1 |      33 |       0 |   0.0 |      21 |       0 |   0.0
        D:2 |      39 |       0 |   0.0 |      16 |       0 |   0.0
        D:3 |       3 |       0 |   0.0 |       1 |       0 |   0.0
            +---------+---------+-------+---------+---------+-------
